NYP
MAHONING VALLEY SCRAPPERS @ VERMONT LAKE MONSTERS
08/03/2045
 
TOP OF THE 1ST
Mahoning Valley Scrappers batting - Pitching for Vermont Lake Monsters : RHP C.J. Ledger
Pitching: RHP C.J. Ledger
Batting: RHB Jonathan Underhill 0-0: Foul Ball, location: 2F
0-1: SINGLE (Groundball, 3D, EV 97.5 MPH)
Batting: RHB Edolf Vlemmings 0-0: Ball
1-0: Called Strike
Jonathan Underhill is caught stealing 2nd base 2-4
1-1: Called Strike
1-2: Strikes out swinging
Batting: RHB Mike Sims 0-0: Swinging Strike
0-1: Ball
1-1: Swinging Strike
1-2: Foul Ball, location: 2F
1-2: Strikes out looking
Top of the 1st over - 0 runs, 1 hit, 0 errors, 0 left on base; Mahoning Valley 0 - Vermont 0
BOTTOM OF THE 1ST
Vermont Lake Monsters batting - Pitching for Mahoning Valley Scrappers : RHP Rafael Borja
Pitching: LHP Bertrand Preece
Batting: LHB Angel Sanchez 0-0: Called Strike
0-1: Ball
1-1: Ball
2-1: Ball
3-1: Called Strike
3-2: SINGLE (Groundball, 34D, EV 105.0 MPH)
Batting: RHB Bastiaan Leenders 0-0: Ball
Angel Sanchez is caught stealing 2nd base 2-4
1-0: Ball
2-0: Ground out 4-3 (Groundball, 4, EV 108.1 MPH)
Batting: LHB Billy Schultz 0-0: Called Strike
0-1: Called Strike
0-2: Foul Ball, location: 2F
0-2: Ground out 4-3 (Groundball, 4, EV 81.9 MPH)
Bottom of the 1st over - 0 runs, 1 hit, 0 errors, 0 left on base; Mahoning Valley 0 - Vermont 0
TOP OF THE 2ND
Mahoning Valley Scrappers batting - Pitching for Vermont Lake Monsters : RHP C.J. Ledger
Batting: SHB Charlie Diesel 0-0: DOUBLE (Line Drive, 9LM, EV 105.0 MPH)
Batting: RHB Santos Guadalupe 0-0: Foul Ball, location: 2F
0-1: Ball
1-1: Called Strike
1-2: Ball
2-2: Fly out, F1 (Line Drive, P, EV 64.4 MPH)
Batting: RHB Chris Yancey 0-0: Foul Ball, location: 2F
0-1: Foul Ball, location: 2F
0-2: Strikes out swinging, 2-3 out at first.
Batting: RHB Mario Trujillo 0-0: Ball
1-0: Ball
2-0: Swinging Strike
2-1: Ball
3-1: Swinging Strike
3-2: DOUBLE (Flyball, 8RXD, EV 93.8 MPH)
Charlie Diesel scores
Batting: RHB Egidius Kruger 0-0: Called Strike
0-1: Swinging Strike
0-2: Ball
1-2: Strikes out swinging
Top of the 2nd over - 1 run, 2 hits, 0 errors, 1 left on base; Mahoning Valley 1 - Vermont 0
BOTTOM OF THE 2ND
Vermont Lake Monsters batting - Pitching for Mahoning Valley Scrappers : LHP Bertrand Preece
Batting: LHB Henry Hutson 0-0: Called Strike
0-1: Ground out 6-3 (Groundball, 6M, EV 103.1 MPH)
Batting: RHB Tony Moran 0-0: Called Strike
0-1: Foul Ball, location: 2F
0-2: Ground out 6-3 (Groundball, 6, EV 99.4 MPH)
Batting: SHB Mike Jorgenson 0-0: Ball
1-0: Ball
2-0: Swinging Strike
2-1: Foul Ball, location: 2F
2-2: Ball
3-2: Foul Ball, location: 2F
3-2: SINGLE (Groundball, 56D, EV 95.0 MPH)
Batting: RHB D.J. Torres 0-0: Ball
Mike Jorgenson is caught stealing 2nd base 2-4
Bottom of the 2nd over - 0 runs, 1 hit, 0 errors, 0 left on base; Mahoning Valley 1 - Vermont 0
TOP OF THE 3RD
Mahoning Valley Scrappers batting - Pitching for Vermont Lake Monsters : RHP C.J. Ledger
Batting: RHB Nelson Trujillo 0-0: Bunt missed!
0-1: Ball
1-1: Ball
2-1: Foul Ball, location: 2F
2-2: Foul Ball, location: 2F
2-2: Strikes out swinging
Batting: RHB Jonathan Underhill 0-0: Foul Ball, location: 2F
0-1: Foul Ball, location: 2F
0-2: Ball
1-2: Fly out, F8 (Flyball, 8RXD, EV 96.2 MPH)
Batting: RHB Edolf Vlemmings 0-0: SINGLE (Flyball, 8RS, EV 93.1 MPH)
Batting: RHB Mike Sims 0-0: Ball
1-0: Swinging Strike
1-1: Ball
Edolf Vlemmings is caught stealing 2nd base 2-4
Top of the 3rd over - 0 runs, 1 hit, 0 errors, 0 left on base; Mahoning Valley 1 - Vermont 0
BOTTOM OF THE 3RD
Vermont Lake Monsters batting - Pitching for Mahoning Valley Scrappers : LHP Bertrand Preece
Batting: RHB D.J. Torres 0-0: Ball
1-0: Called Strike
1-1: Ball
2-1: Ball
3-1: Base on Balls
Batting: RHB Rick Linders Pickoff Throw to First - Out! 1-3
0-0: Ball
1-0: Ball
2-0: Ball
3-0: Base on Balls
Batting: RHB Justin Menotti Balk!
Rick Linders to second
0-0: Ball
1-0: Foul Ball, location: 2F
1-1: Foul Ball, location: 2F
1-2: Fly out, F9 (Flyball, 9S, EV 86.2 MPH)
Batting: LHB Angel Sanchez 0-0: Ball
1-0: Ball
2-0: Called Strike
2-1: Fly out, F8 (Flyball, 8RXD, EV 89.4 MPH)
Bottom of the 3rd over - 0 runs, 0 hits, 0 errors, 1 left on base; Mahoning Valley 1 - Vermont 0
TOP OF THE 4TH
Mahoning Valley Scrappers batting - Pitching for Vermont Lake Monsters : RHP C.J. Ledger
Batting: RHB Mike Sims 0-0: Foul Ball, location: 2F
0-1: Called Strike
0-2: Ball
1-2: Ball
2-2: TRIPLE (Line Drive, 78XD, EV 109.4 MPH)
Batting: SHB Charlie Diesel 0-0: Called Strike
0-1: Foul Ball, location: 2F
0-2: Strikes out looking
Batting: RHB Santos Guadalupe 0-0: Ball
1-0: Fly out, F8 (Line Drive, 8RM, EV 92.5 MPH)
Runner from 3rd tags up, SCORES, throw by CF
Batting: RHB Chris Yancey 0-0: Foul Ball, location: 2F
0-1: Ball
1-1: Ball
2-1: Ball
3-1: Called Strike
3-2: Foul Ball, location: 2F
3-2: Ground out 4-3 (Groundball, 4S, EV 63.1 MPH)
Top of the 4th over - 1 run, 1 hit, 0 errors, 0 left on base; Mahoning Valley 2 - Vermont 0
BOTTOM OF THE 4TH
Vermont Lake Monsters batting - Pitching for Mahoning Valley Scrappers : LHP Bertrand Preece
Batting: RHB Bastiaan Leenders 0-0: Called Strike
0-1: Ball
1-1: Foul Ball, location: 2F
1-2: Ground out 3-1 (Groundball, 13, EV 83.1 MPH)
Batting: LHB Billy Schultz 0-0: Ball
1-0: Ball
2-0: Foul Ball, location: 2F
2-1: Ball
3-1: Foul Ball, location: 2F
3-2: Foul Ball, location: 2F
3-2: Foul Ball, location: 2F
3-2: Base on Balls
Batting: LHB Henry Hutson 0-0: Ball
1-0: Called Strike
Billy Schultz is caught stealing 2nd base 2-6
1-1: SOLO HOME RUN (Flyball, 9D, EV 95.0 MPH), Distance : 376 ft
Batting: RHB Tony Moran 0-0: Ball
1-0: SOLO HOME RUN (Flyball, 7LD, EV 96.9 MPH), Distance : 345 ft
Batting: SHB Mike Jorgenson 0-0: Ball
1-0: DOUBLE (Line Drive, 7LS, EV 97.5 MPH)
Pitching: RHP Zach Robbins
Batting: RHB D.J. Torres 0-0: Foul Ball, location: 2F
0-1: Foul Ball, location: 2F
0-2: Ball
1-2: Ball
2-2: Strikes out swinging
Bottom of the 4th over - 2 runs, 3 hits, 0 errors, 1 left on base; Mahoning Valley 2 - Vermont 2
TOP OF THE 5TH
Mahoning Valley Scrappers batting - Pitching for Vermont Lake Monsters : RHP C.J. Ledger
Batting: RHB Mario Trujillo 0-0: Ball
1-0: Called Strike
1-1: Ball
2-1: SINGLE (Groundball, 6S, EV 98.8 MPH)
Batting: RHB Egidius Kruger 0-0: Foul Ball, location: 2F
0-1: Ball
Mario Trujillo steals 2nd, throwing error, E2
Mario Trujillo to third
1-1: Ground out 4-3 (Groundball, 4MS, EV 71.2 MPH)
Batting: RHB Nelson Trujillo 0-0: Ground out 1-3 (Groundball, 15, EV 71.9 MPH)
Batting: RHB Jonathan Underhill 0-0: Called Strike
0-1: Ball
1-1: Swinging Strike
1-2: Ball
2-2: Strikes out looking
Top of the 5th over - 0 runs, 1 hit, 1 error, 1 left on base; Mahoning Valley 2 - Vermont 2
BOTTOM OF THE 5TH
Vermont Lake Monsters batting - Pitching for Mahoning Valley Scrappers : RHP Zach Robbins
Batting: RHB Rick Linders 0-0: Ball
1-0: Foul Ball, location: 2F
1-1: Ball
2-1: Swinging Strike
2-2: Ball
3-2: SOLO HOME RUN (Flyball, 9D, EV 99.4 MPH), Distance : 369 ft
Batting: RHB Justin Menotti 0-0: Ground out 6-3 (Groundball, 56D, EV 103.8 MPH)
Batting: LHB Angel Sanchez 0-0: Ball
1-0: Swinging Strike
1-1: Ball
2-1: Swinging Strike
2-2: Ball
3-2: Foul Ball, location: 2F
3-2: Base on Balls
Batting: RHB Bastiaan Leenders 0-0: Called Strike
Angel Sanchez steals 2nd base
0-1: Ball
Angel Sanchez steals 3rd base
1-1: Ball
2-1: Ground out U3 (Groundball, 13, EV 82.5 MPH)
Angel Sanchez scores
Batting: LHB Billy Schultz 0-0: Called Strike
0-1: Fly out, F9 (Flyball, 9, EV 84.4 MPH)
Bottom of the 5th over - 2 runs, 1 hit, 0 errors, 0 left on base; Mahoning Valley 2 - Vermont 4
TOP OF THE 6TH
Mahoning Valley Scrappers batting - Pitching for Vermont Lake Monsters : RHP C.J. Ledger
Batting: RHB Edolf Vlemmings 0-0: Ball
1-0: Foul Ball, location: 2F
1-1: Ball
2-1: Called Strike
2-2: Ball
3-2: Base on Balls
Batting: RHB Mike Sims 0-0: Called Strike
Edolf Vlemmings steals 2nd base
0-1: Swinging Strike
0-2: Strikes out looking
Pitching: LHP David Noffsinger
Batting: SHB Charlie Diesel 0-0: Ball
1-0: Called Strike
1-1: Foul Ball, location: 2F
1-2: Strikes out looking
Batting: RHB Santos Guadalupe 0-0: Ball
1-0: Foul Ball, location: 2F
1-1: Called Strike
1-2: Foul Ball, location: 2F
1-2: Ball
2-2: Ball
3-2: Foul Ball, location: 2F
3-2: Strikes out looking
Top of the 6th over - 0 runs, 0 hits, 0 errors, 1 left on base; Mahoning Valley 2 - Vermont 4
BOTTOM OF THE 6TH
Vermont Lake Monsters batting - Pitching for Mahoning Valley Scrappers : RHP Zach Robbins
Batting: LHB Henry Hutson 0-0: Foul Ball, location: 2F
0-1: Ball
1-1: Fly out, F8 (Flyball, 8LM, EV 90.0 MPH)
Batting: RHB Tony Moran 0-0: Ball
1-0: Ball
2-0: Called Strike
2-1: Ground out 5-3 (Groundball, 56, EV 79.4 MPH)
Batting: SHB Mike Jorgenson 0-0: Ball
1-0: Swinging Strike
1-1: Foul Ball, location: 2F
1-2: Reached on error, E4 (Groundball, 4S, EV 87.5 MPH)
Batting: RHB D.J. Torres 0-0: Ball
Wild Pitch!
Mike Jorgenson to third
1-0: Ground out 4-3 (Groundball, 34, EV 105.6 MPH)
Bottom of the 6th over - 0 runs, 0 hits, 1 error, 1 left on base; Mahoning Valley 2 - Vermont 4
TOP OF THE 7TH
Mahoning Valley Scrappers batting - Pitching for Vermont Lake Monsters : LHP David Noffsinger
Batting: RHB Chris Yancey 0-0: Ball
1-0: Ball
2-0: Swinging Strike
2-1: Called Strike
2-2: Strikes out swinging
Batting: RHB Mario Trujillo 0-0: Ball
1-0: Ball
2-0: SINGLE (Groundball, 4MD, EV 100.0 MPH)
Batting: RHB Egidius Kruger 0-0: Called Strike
0-1: Ball
Mario Trujillo is caught stealing 2nd base 2-4
1-1: Fly out, F8 (Line Drive, 8RD, EV 94.4 MPH)
Top of the 7th over - 0 runs, 1 hit, 0 errors, 0 left on base; Mahoning Valley 2 - Vermont 4
BOTTOM OF THE 7TH
Vermont Lake Monsters batting - Pitching for Mahoning Valley Scrappers : RHP Zach Robbins
Batting: RHB Rick Linders 0-0: Called Strike
0-1: Called Strike
0-2: Ball
1-2: Foul Ball, location: 2F
1-2: Ground out 5-3 (Groundball, 56S, EV 84.4 MPH)
Batting: RHB Justin Menotti 0-0: Foul Ball, location: 2F
0-1: Foul Ball, location: 2F
0-2: Hit by Pitch
Batting: LHB Angel Sanchez 0-0: Ball
Justin Menotti is caught stealing 2nd base 2-6
1-0: Swinging Strike
1-1: Ball
2-1: Foul Ball, location: 2F
2-2: Foul Ball, location: 2F
2-2: Ground out 3-1 (Groundball, 34, EV 96.9 MPH)
Bottom of the 7th over - 0 runs, 0 hits, 0 errors, 0 left on base; Mahoning Valley 2 - Vermont 4
TOP OF THE 8TH
Mahoning Valley Scrappers batting - Pitching for Vermont Lake Monsters : LHP David Noffsinger
Now at 3B: Justin Menotti
Now at SS: Mario Cardona
Batting: RHB Nelson Trujillo 0-0: Ground out 6-3 (Groundball, 6, EV 91.9 MPH)
Batting: RHB Jonathan Underhill 0-0: Called Strike
0-1: Ball
1-1: Swinging Strike
1-2: SOLO HOME RUN (Flyball, 7D, EV 95.0 MPH), Distance : 384 ft
Batting: RHB Edolf Vlemmings 0-0: Ball
1-0: Ball
2-0: Ball
3-0: Called Strike
3-1: Foul Ball, location: 2F
3-2: SINGLE (Groundball, 6S, EV 68.1 MPH) (infield hit)
Pitching: RHP Travis Feind
Batting: LHB Casper Kersten 0-0: Foul Ball, location: 2F
0-1: Called Strike
Balk!
Edolf Vlemmings to second
0-2: SINGLE (Groundball, 13S, EV 66.2 MPH) (infield hit)
Edolf Vlemmings to third
Batting: SHB Charlie Diesel 0-0: SINGLE (Groundball, 34D, EV 95.0 MPH)
Edolf Vlemmings scores
Casper Kersten to second
Runner from 2nd tries for 3rd, SAFE, throw by RF made to third
Pinch Hitting: LHB Tommy Williams 0-0: Called Strike
0-1: Ground out 5-3 (Groundball, 56, EV 84.4 MPH)
Charlie Diesel to second
Batting: RHB Chris Yancey 0-0: Ball
1-0: Ball
2-0: Called Strike
2-1: Foul Ball, location: 2F
2-2: SINGLE (Line Drive, 89S, EV 104.4 MPH)
Casper Kersten scores
Charlie Diesel to third
Runner from 3rd tries for Home, SAFE, throw by RF to home
Batting: RHB Mario Trujillo 0-0: Called Strike
0-1: Foul Ball, location: 2F
0-2: Ball
1-2: Foul Ball, location: 2F
1-2: Ball
2-2: Ball
3-2: Ground out 5-3 (Groundball, 56, EV 81.9 MPH)
Top of the 8th over - 4 runs, 5 hits, 0 errors, 1 left on base; Mahoning Valley 6 - Vermont 4
BOTTOM OF THE 8TH
Vermont Lake Monsters batting - Pitching for Mahoning Valley Scrappers : RHP Zach Robbins
Now at SS: Manny Caldera
Batting: RHB Bastiaan Leenders 0-0: Ball
1-0: Ball
2-0: Ball
3-0: Called Strike
3-1: Base on Balls
Batting: LHB Billy Schultz 0-0: Hit by Pitch
Bastiaan Leenders to second
Batting: LHB Mario Cardona 0-0: Called Strike
0-1: Ball
1-1: Foul Ball, location: 2F
1-2: Strikes out looking
Pitching: RHP Allen Wozniak
Batting: RHB Tony Moran 0-0: Ball
1-0: Ball
2-0: Ball
3-0: Base on Balls
Bastiaan Leenders to third
Billy Schultz to second
Batting: SHB Mike Jorgenson 0-0: Foul Ball, location: 2F
0-1: Ball
1-1: Swinging Strike
1-2: Ball
2-2: Ball
3-2: Base on Balls
Bastiaan Leenders scores
Billy Schultz to third
Tony Moran to second
Pinch Hitting: LHB Oscar Rodriguez 0-0: Ball
1-0: Foul Ball, location: 2F
1-1: Ball
2-1: Foul Ball, location: 2F
2-2: Foul Ball, location: 2F
2-2: Fly out, F8 (Flyball, 8RS, EV 94.4 MPH)
Runner from 3rd tags up, OUT at HOME! 8-2
Bottom of the 8th over - 1 run, 0 hits, 0 errors, 2 left on base; Mahoning Valley 6 - Vermont 5
TOP OF THE 9TH
Mahoning Valley Scrappers batting - Pitching for Vermont Lake Monsters : RHP Travis Feind
Now at C: Liangde Tseng
Batting: RHB Egidius Kruger 0-0: Called Strike
0-1: Ball
1-1: Ball
2-1: Ball
3-1: Ground out 6-3 (Groundball, 6, EV 81.2 MPH)
Batting: RHB Nelson Trujillo 0-0: Ball
1-0: Ground out 3-1 (Groundball, 34, EV 81.2 MPH)
Batting: RHB Jonathan Underhill 0-0: Called Strike
0-1: Ball
1-1: Swinging Strike
1-2: Foul Ball, location: 2F
1-2: SINGLE (Groundball, 5S, EV 68.8 MPH) (infield hit)
Batting: RHB Edolf Vlemmings 0-0: Ball
1-0: Ball
Jonathan Underhill steals 2nd base
2-0: SINGLE (Groundball, 56D, EV 98.8 MPH)
Jonathan Underhill to third
Runner from 3rd tries for Home, SAFE, throw by LF to home
Pitching: LHP Tom Jennings
Batting: LHB Casper Kersten 0-0: Ball
Edolf Vlemmings is caught stealing 2nd base 2-6
Top of the 9th over - 1 run, 2 hits, 0 errors, 0 left on base; Mahoning Valley 7 - Vermont 5
BOTTOM OF THE 9TH
Vermont Lake Monsters batting - Pitching for Mahoning Valley Scrappers : RHP Allen Wozniak
Batting: RHB Rick Linders 0-0: Foul Ball, location: 2F
0-1: Foul Ball, location: 2F
0-2: Strikes out swinging
Pinch Hitting: RHB Fathi Addae 0-0: Called Strike
0-1: Ball
1-1: Ball
2-1: Ball
3-1: Foul Ball, location: 2F
3-2: Foul Ball, location: 2F
3-2: Foul Ball, location: 2F
3-2: Foul Ball, location: 2F
3-2: Base on Balls
Batting: LHB Angel Sanchez 0-0: Called Strike
0-1: Foul Ball, location: 2F
0-2: Ball
1-2: Ball
2-2: Ball
3-2: Base on Balls
Fathi Addae to second
Pinch Runner at 2nd Mark Friedmann:
Batting: RHB Bastiaan Leenders 0-0: Ball
1-0: Foul Ball, location: 2F
1-1: Grounds into double play, 6-4-3 (Groundball, 6, EV 85.0 MPH)
Bottom of the 9th over - 0 runs, 0 hits, 0 errors, 1 left on base; Mahoning Valley 7 - Vermont 5
Wednesday, June 22nd , 2022 - OOTP Baseball 23.4 Build 64